 Dungeon Crawl Stone Soup version 0.19.0-24-gb05acd6 (webtiles) character file.

102 Leibowitz the Sneak (level 4, -1/34 HPs)
             Began as a Demigod Enchanter on Nov 21, 2016.
             Killed from afar by Sigmund (8 damage)
             ... with a wand of flame
             ... on level 3 of the Dungeon.
             The game lasted 00:09:29 (3958 turns).

Leibowitz the Sneak (Demigod Enchanter)             Turns: 3958, Time: 00:09:29

Health: -1/34      AC:  3    Str: 11    XL:     4   Next: 26%
Magic:  8/9        EV: 13    Int: 21    God:
Gold:   117        SH:  0    Dex: 16    Spells: 3 memorised, 1 level left

rFire  . . .     SeeInvis .     a - +1 dagger
rCold  . . .     Gourm    +     b - +1 robe
rNeg   . . .     Faith    .     (no shield)
rPois  +         Spirit   .     (no helmet)
rElec  .         Reflect  .     (no cloak)
rCorr  .         Harm     .     (no gloves)
MR     .....                    (no boots)
Stlth  +++.......               m - amulet of the gourmand
                                (no ring)
                                s - ring of poison resistance

@: no status effects
A: high mp 1
a: no special abilities


You were on level 3 of the Dungeon.
You were full.

You visited 1 branch of the dungeon, and saw 3 of its levels.

You collected 117 gold pieces.

Inventory:

Hand Weapons
 a - a +1 dagger (weapon)
Armour
 b - a +1 robe (worn)
Jewellery
 m - an amulet of the gourmand (around neck)
 s - a ring of poison resistance (left hand)
Scrolls
 e - 2 scrolls of amnesia {unknown}
 f - 4 scrolls of remove curse {unknown}
 g - a scroll of immolation {unknown}
 h - 3 scrolls of teleportation {unknown}
 i - a scroll of fog {unknown}
 k - 4 scrolls of identify {unknown}
 o - a scroll of fear {unknown}
Potions
 n - a potion of ambrosia {unknown}
 r - a potion of mutation {unknown}
 t - a potion of cancellation {unknown}
 u - a potion of berserk rage {unknown}
Books
 c - a book of Maledictions

   Spells                             Type                      Level
   a - Corona                         Hexes                        1
   b - Ensorcelled Hibernation        Hexes/Ice                    2
   c - Confuse                        Hexes                        3
   d - Tukima's Dance                 Hexes                        3
   e - Dazzling Spray                 Conjuration/Hexes            3
Comestibles
 d - 4 bread rations
 j - 3 fruits
 l - 3 meat rations
 q - a slice of pizza


   Skills:
 + Level 0.3 Fighting
 + Level 1.6 Short Blades
 + Level 2.2 Dodging
 + Level 3.5 Stealth
 + Level 2.0 Spellcasting
 + Level 3.3 Hexes
 + Level 0.8 Ice Magic


You had one spell level left.
You knew the following spells:

 Your Spells              Type           Power        Failure   Level  Hunger
a - Corona                Hex            ###....      4%          1    #......
b - Ensorcelled Hibernat  Hex/Ice        ##....       12%         2    ##.....
c - Confuse               Hex            ###.....     14%         3    ###....


Dungeon Overview and Level Annotations

Branches:
Dungeon (3/15)

Annotations:
D:3 Sigmund


Innate Abilities, Weirdness & Mutations

You have an increased reservoir of magic. (+10% MP)


Message History

You miss something.
You hear some strange, mumbled words.
You are confused.
Something hits you! Something hits you!
You hear some strange, mumbled words.
A puff of flame appears from out of thin air!
The puff of flame hits you!
* * * LOW HITPOINT WARNING * * *
It was a potion of curing.
You feel better. Something hits you!
* * * LOW HITPOINT WARNING * * *
You feel better.
You hear some strange, mumbled words.
A puff of flame appears from out of thin air!
The puff of flame hits you!
* * * LOW HITPOINT WARNING * * *
You hear a zap.
A puff of flame appears from out of thin air!
The puff of flame hits you!
You die...

..#...#
#....K..####.<.####
.#..#.# ####.#### ##.##
#..#..# #....# #.# ..#...#
#.###.##.# #.. .#..#.#
#....[.K.# #+## ......#
#####.#### ....#.# #(###
###.#.# #.#.##
##....#########.@..####...
......................'...
#....##########....####...
#.#.## #.#.## #.#.# #.###
....# #.# #.### #.# #.#
#.# #.# #.#


There were no monsters in sight!

Vanquished Creatures
  2 adders (D:2)
  A worm (D:3)
  2 dart slugs (D:1)
  A leopard gecko (D:1)
  2 orcs (D:3)
  5 giant cockroaches
  9 hobgoblins
  11 jackals
  8 kobolds
  A quokka (D:2)
  11 bats
  A frilled lizard (D:1)
  7 goblins
  6 rats
67 creatures vanquished.

Notes
Turn   | Place    | Note
-------+----------+-------------------------------------------
     0 | D:1      | Leibowitz the Demigod Enchanter began the quest for the Orb.
     0 | D:1      | Reached XP level 1. HP: 14/14 MP: 5/5
    42 | D:1      | Reached skill level 1 in Short Blades
   435 | D:1      | Reached XP level 2. HP: 14/20 MP: 7/7
   543 | D:1      | Learned a level 2 spell: Ensorcelled Hibernation
  1592 | D:1      | Reached XP level 3. HP: 26/26 MP: 8/8
  3211 | D:3      | Reached XP level 4. HP: 33/33 MP: 9/9
  3224 | D:3      | Learned a level 3 spell: Confuse
  3838 | D:3      | Noticed Sigmund
  3958 | D:3      | Killed from afar by Sigmund

Skill      XL: |  1  2  3 |
---------------+----------+-----
Short Blades   | 1 |  1.6
Stealth        | 3 |  3.5
Hexes          | 3 |  3.3
Dodging        | 2 |  2.2
Spellcasting   | 2 |  2.0
Fighting       | |  0.3
Ice Magic      | |  0.8

Action                   |  1- 3 |  4- 6 || total
-------------------------+-------+-------++-------
Melee: Dagger            |   209 |    71 ||   280
 Cast: Corona            |     1 |       ||     1
       Ensorcelled Hiber |    18 |     3 ||    21
       Confuse           |       |     2 ||     2
  Use: Potion            |       |     2 ||     2
 Stab: Sleeping          |    12 |     6 ||    18
  Eat: Chunk             |     8 |     9 ||    17
Armor: Robe              |    48 |    11 ||    59
Dodge: Dodged            |   147 |    55 ||   202
